 Dungeon Crawl Stone Soup version 0.32-a0-814-g0968bab981 (webtiles) character file.

Game seed: 13637157786655649226

50 dialectric the Trooper (level 3, 0/29 HPs)
             Began as a Demonspawn Fighter on Mar 22, 2024.
             Succumbed to a kobold's poison
             ... on level 2 of the Dungeon.
             The game lasted 00:01:18 (1486 turns).

dialectric the Trooper (Demonspawn Fighter)         Turns: 1486, Time: 00:01:18

Health: 0/29       AC:  6    Str: 18    XL:     3   Next: 55%
Magic:  3/3        EV:  8    Int:  8    God:
Gold:   122        SH:  0    Dex: 12    Spells: 2/2 levels left

rFire   . . .        a - +0 trident
rCold   . . .        (no shield)
rNeg    . . .        b - +0 scale mail
rPois   .            (no helmet)
rElec   .            (no cloak)
rCorr   .            (no gloves)
SInv    .            (no boots)
Will    .....        (no amulet) Stlth
                     (no ring)
HPRegen 0.24/turn    (no ring)
MPRegen 0.08/turn

%: no passive effects
@: lethally poisoned (0 -> -7)
A: ignite blood 1
a: no special abilities


You were on level 2 of the Dungeon.
You visited 1 branch of the dungeon, and saw 2 of its levels.

You collected 122 gold pieces.

Inventory:

Hand Weapons
 a - a +0 trident (weapon)
Armour
 b - a +0 scale mail (worn)
 c - a +0 buckler
Jewellery
 h - a +5 ring of evasion
Scrolls
 e - 3 scrolls of identify {unknown}
 g - a scroll of fog {unknown}
 i - 3 scrolls of blinking {unknown}
 j - a scroll of vulnerability {unknown}
Potions
 d - a potion of might
 f - a potion of resistance {unknown}
 k - a potion of magic {unknown}


   Skills:
 + Level 3.4 Fighting
 + Level 2.3 Polearms
 + Level 3.1 Armour
 + Level 3.1 Shields


You had 2 spell levels left.
You didn't know any spells.
Your spell library contained the following spells:

 Spells                   Type           Power      Damage    Failure   Level
 Apportation              Tloc           0%         N/A       80%         1
 Necrotise                Necr           0%         1d4       80%         1
 Summon Small Mammal      Summ           0%         N/A       80%         1


Dungeon Overview and Level Annotations

Branches:
Dungeon (2/15)

Altars:

Shops:
D:1 =


Innate Abilities, Weirdness & Mutations

Your demonic aura sometimes causes spilled blood to erupt in flames.


Message History

The ribbon worm bites you but does no damage.
A kobold comes into view. It is wielding a +2 dagger of venom.
The kobold shouts!
You hit the ribbon worm but do no damage.
The ribbon worm bites you but does no damage.
You barely miss the ribbon worm.
The ribbon worm expels a string of sticky webbing.
The stream of webbing hits you but does no damage.
You are caught in a web!
The web tears apart.
The ribbon worm bites you!
You puncture the ribbon worm!
The ribbon worm is heavily wounded.
The ribbon worm closely misses you.
You hit the ribbon worm.
The ribbon worm is severely wounded.
The ribbon worm barely misses you.
You barely miss the ribbon worm.
The ribbon worm is severely wounded.
The kobold hits you but does no damage.
You are poisoned.
The ribbon worm bites you.
You barely miss the ribbon worm.
The ribbon worm is severely wounded.
You feel very sick.
The kobold hits you with a +2 dagger of venom.
You are more poisoned.
You puncture the ribbon worm!
You kill the ribbon worm!
You feel very sick. The kobold hits you but does no damage.
You are lethally poisoned!
* * * LOW HITPOINT WARNING * * *
You feel very sick.
* * * LOW HITPOINT WARNING * * *
You feel very sick. The kobold closely misses you.
* * * LOW HITPOINT WARNING * * *
You feel very sick. The kobold attacks as it pursues you!
The kobold barely misses you.
You die...

.###..#......#.....#
......#......#.....#
####.##......#.....# #
#.##......#....# #
#.##......#....####
####.##.#.#..K(...[...
..##.##.#.#..#.K..###
#....##.#.#..#....######
###..##.#.#$.#..@.......
#..##.#.#.......#####.
##....#.#....##...
#.#..#.#..#.# .....
#.##.#.#..#.# .......
#.##.#.#..#.# ##.##..
####.##.# ...#. .# .
...#.##>..#..#.# .#
##.#.####.#..#.#


You could see 2 kobolds.

Vanquished Creatures
  3 adders (D:2)
  A ribbon worm (D:2)
  2 ball pythons
  An endoplasm (D:1)
  A giant cockroach (D:1)
  2 hobgoblins (D:1)
  2 quokkas
  2 bats (D:2)
  2 frilled lizards (D:1)
  A goblin (D:2)
  3 kobolds
  3 rats
23 creatures vanquished.

Notes
Turn   | Place    | Note
-------+----------+-------------------------------------------
     0 | D:1      | dialectric the Demonspawn Fighter began the quest for the
                  | Orb.
     0 | D:1      | Reached XP level 1. HP: 18/18 MP: 1/1
   129 | D:1      | Got Preliminaries of the Awakened Rites
   300 | D:1      | Gained mutation: Your demonic aura sometimes causes spilled
                  | blood to erupt in flames. [demonic ancestry]
   300 | D:1      | Reached XP level 2. HP: 24/24 MP: 2/2
   354 | D:1      | Found Vutukoc's Jewellery Shop.
   366 | D:1      | Found a faded altar of an unknown god.
  1104 | D:2      | Reached XP level 3. HP: 18/29 MP: 3/3
  1486 | D:2      | Succumbed to a kobold's poison

Illustrated notes

Levels and vault maps discovered:
D:1:      moated_graveyard_arrival, layout_basic,
          hellmonk_ecumenical_altar_leap_of_faith, serial_shops, shop,
          minmay_misc_feat_rows
D:2:      layout_basic, basic_altar, minmay_puff

Skill      XL: |  1  2 |
---------------+-------+-----
Polearms       | 2 |  2.3
Shields        | 3 |  3.1
Armour         | 3 |  3.1
Fighting       | |  3.4

Action                     || total
---------------------------++-------
  Melee: Trident           ||    76
 Armour: Scale mail        ||    67
  Dodge: Dodged            ||    31

Table legend: (Time is in decaauts)
 A = Elapsed time spent in this place.
 B = Non-inter-level travel time spent in this place.
 C = Inter-level travel time spent in this place.
 D = Time resting spent in this place.
 E = Time spent auto-exploring this place.
 F = Levels seen in this place.
 G = Mean time per level.
                   A        B        C        D        E       F      G
               +--------+--------+--------+--------+--------+-----+--------+
         Total |   1500 |   1474 |     26 |      0 |   1233 |   2 |  750.0 |
       Dungeon |   1500 |   1474 |     26 |      0 |   1233 |   2 |  750.0 |
               +--------+--------+--------+--------+--------+-----+--------+

Top non-repeatable levels by time:
     D:1: 789 daAuts
     D:2: 711 daAuts
